Map: Dasan Station LE

Players

vampiro

  • Race: Protoss Protoss
  • League: Silver
  • Spawn Location: 6:00

Fropez - Winner!

  • Race: Protoss Protoss
  • League: Gold
  • Spawn Location: 12:00

VOD

Have the link to the VOD?

Description

Time

  • Played on: Oct. 14, 2016, 1 p.m.
  • Length: 10:46
Show
View Real Time Build Order
Export as new Build Order

vampiro Protoss 

Build Orders:  

Get SALT Encoding   

  12  0:06  Probe (Chrono Boost)  
  13  0:16  Probe (Chrono Boost)  
  14  0:22  Pylon  
  14  0:27  Probe (Chrono Boost)  
  15  0:44  Forge  
  15  0:48  Probe (Chrono Boost)  
  16  0:59  Probe (Chrono Boost)  
  17  1:09  Probe (Chrono Boost)  
  18  1:20  Probe (Chrono Boost)  
  19  1:30  Probe (Chrono Boost)  
  20  1:33  Pylon  
  20  1:37  Gateway  
  20  1:39  Gateway  
  20  1:49  Photon Cannon  
  20  1:54  Assimilator  
  20  2:00  Assimilator  
  20  2:06  Photon Cannon  
  20  2:27  Cybernetics Core  
  20  2:29  Pylon  
  20  2:35  Zealot x2  
  24  2:46  Pylon  
  24  2:50  Probe (Chrono Boost)  
  25  3:00  Probe (Chrono Boost)  
  25  3:03  Warp Gate (Chrono Boost)  
  26  3:09  Stalker x2  
  26  3:12  Probe  
  31  3:23  Gateway  
  31  3:24  Probe  
  32  3:29  Photon Cannon  
  32  3:36  Probe  
  33  3:53  Stalker x2  
  37  4:42  Pylon  
  35  4:56  Stalker  
  35  4:57  Stalker  
  35  4:58  Stalker  
  41  5:21  Photon Cannon  
  41  5:25  Pylon  
  41  5:34  Stalker  
  41  5:35  Stalker  
  45  5:36  Stalker  
  47  5:53  Nexus  
  47  6:05  Pylon  
  47  6:09  Stalker  
  18  7:06  Probe  
  17  7:14  Stalker  
  17  7:15  Stalker  
  21  7:16  Stalker  
  21  7:17  Probe  
  24  7:23  Photon Cannon  
  24  7:28  Probe  
  25  7:38  Probe  
  26  7:49  Probe (Chrono Boost)  
  25  7:52  Probe (Chrono Boost)  
  26  8:03  Probe (Chrono Boost)  
  27  8:10  Probe (Chrono Boost)  
  28  8:14  Probe (Chrono Boost)  
  29  8:21  Probe (Chrono Boost)  
  30  8:49  Probe (Chrono Boost)  
  30  8:52  Probe (Chrono Boost)  
  32  9:00  Probe (Chrono Boost)  
  33  9:03  Probe (Chrono Boost)  
  34  9:10  Probe (Chrono Boost)  
  34  9:11  Pylon  
  34  9:14  Probe (Chrono Boost)  
  36  9:21  Probe (Chrono Boost)  
  38  9:24  Probe (Chrono Boost)  
  39  9:31  Probe (Chrono Boost)  
  39  9:38  Twilight Council  
  39  9:48  Sentry  
  39  9:49  Sentry  
  39  9:50  Stalker  
  27  10:33  Stalker  
  27  10:34  Stalker  
  27  10:35  Stalker  
Show
View Real Time Build Order
Export as new Build Order

Fropez Protoss - Winner!

Build Orders:  

Get SALT Encoding   

  12  0:01  Probe (Chrono Boost)  
  13  0:21  Pylon  
  13  0:25  Probe (Chrono Boost)  
  15  0:35  Probe (Chrono Boost)  
  15  0:43  Gateway  
  15  0:48  Gateway  
  15  0:50  Probe (Chrono Boost)  
  16  0:57  Assimilator  
  16  1:00  Probe (Chrono Boost)  
  17  1:10  Pylon  
  17  1:13  Probe (Chrono Boost)  
  18  1:23  Probe (Chrono Boost)  
  19  1:31  Cybernetics Core  
  19  1:33  Pylon  
  19  1:35  Probe (Chrono Boost)  
  20  1:46  Probe (Chrono Boost)  
  21  1:53  Assimilator  
  22  2:08  Warp Gate (Chrono Boost)  
  21  2:17  Pylon  
  21  2:19  Probe (Chrono Boost)  
  22  2:25  Nexus  
  23  2:30  Probe (Chrono Boost)  
  23  2:40  Mothership Core (Chrono Boost)  
  25  2:46  Pylon  
  25  2:58  Gateway  
  25  3:11  Probe  
  26  3:19  Adept x2  
  30  3:20  Pylon  
  30  3:25  Probe  
  30  3:26  Pylon  
  31  3:37  Probe  
  31  3:39  Probe  
  33  3:48  Gateway  
  33  3:49  Probe  
  34  3:56  Gateway  
  34  4:08  Gateway  
  34  4:09  Adept  
  36  4:11  Adept  
  38  4:17  Probe  
  38  4:18  Probe  
  40  4:50  Adept x2  
  44  5:00  Twilight Council, Probe  
  44  5:02  Pylon  
  44  5:04  Adept, Assimilator  
  44  5:05  Adept  
  45  5:27  Adept x2  
  45  5:28  Adept x2  
  53  5:38  Probe  
  53  5:39  Probe  
  53  5:41  Resonating Glaives (Chrono Boost)  
  54  5:51  Forge  
  54  5:52  Adept x3  
  54  5:53  Adept x2  
  64  5:58  Pylon  
  64  6:16  Adept x4  
  72  6:29  Pylon  
  72  6:53  Stalker x2  
  72  6:54  Stalker x3  
  68  7:34  Adept x2  
  68  7:35  Adept x3  
  68  7:52  Assimilator  
  68  7:58  Protoss Ground Weapons Level 1 (Chrono Boost)  
  68  8:01  Blink  
  68  8:06  Stalker x5  
  78  8:20  Probe  
  78  8:21  Probe  
  80  8:33  Adept x2  
  80  8:34  Adept x3  
  88  8:51  Pylon  
  88  8:54  Pylon  
  88  8:57  Probe, Gateway  
  88  8:59  Probe  
  88  9:02  Pylon  
  90  9:20  Stalker x3  
  96  9:48  Probe, Stalker x5  
  96  9:50  Probe  
Tags
 
Matchup
PvP
Replay Pack
All Mines
Spawn Locations
Cross Positions
Add a new tag
Caveats
  • Supply blocks, unpowered buildings, or Contaminate may cause inaccurate times.
  • Supply counts are checked every 10 seconds.